 Dungeon Crawl Stone Soup version 0.31.0-11-ge490571c62 (webtiles) character file.

Game seed: 11870743032067430495

239 qw the Skirmisher (level 5, 0/30 HPs)
             Began as a Deep Elf Hunter on Feb 4, 2024.
             Succumbed to an adder's poison
             ... in a sewer.
             The game lasted 00:00:08 (1516 turns).

qw the Skirmisher (Deep Elf Hunter)                 Turns: 1516, Time: 00:00:09

Health: 0/30       AC:  5    Str: 10    XL:     5   Next: 79%
Magic:  7/7        EV: 11    Int: 14    God:
Gold:   163        SH:  0    Dex: 18    Spells: 4/4 levels left

rFire   . . .        a - +0 shortbow
rCold   + . .        (shield currently unavailable)
rNeg    . . .        g - +0 ring mail
rPois   .            (no helmet)
rElec   .            (no cloak)
rCorr   .            (no gloves)
SInv    .            (no boots)
Will    .....        (no amulet)
Stlth   +            e - ring of protection from cold
HPRegen 0.25/turn    (no ring)
MPRegen 0.10/turn

%: no passive effects
@: lethally poisoned (0 -> -3), very slow
A: no striking features
a: no special abilities


You were in a sewer.
You visited 1 branch of the dungeon, and saw 3 of its levels.
You also visited: Sewer.

You collected 163 gold pieces.


   Skills:
 - Level 2.0 Fighting
 + Level 9.1 Ranged Weapons
 - Level 2.4 Dodging
 - Level 1.2 Stealth


You had 4 spell levels left.
You didn't know any spells.
Your spell library was empty.

Inventory:

Hand Weapons
 a - a +0 shortbow (weapon)
Armour
 g - a +0 ring mail (worn)
Jewellery
 e - a ring of protection from cold (left hand)
Scrolls
 c - a scroll of teleportation
Potions
 b - 3 potions of enlightenment
 d - a potion of curing
 f - a potion of might {unknown}
 h - a potion of degeneration {unknown}

Dungeon Overview and Level Annotations

Branches:
Dungeon (3/15)              Sewer (1/1)

Altars:


Message History

The ball python bites you but does no damage.
The ball python constricts you.
A crocodile comes into view.
The adder barely misses you.
1509 ||| RETREEEEATING.
You escape the ball python's grasp.
The adder attacks as it pursues you! The adder barely misses you.
The adder bites you.
You are poisoned.
The adder poisons you! The adder barely misses you.
You shoot an arrow. The arrow closely misses the adder.
You feel sick. The adder bites you but does no damage.
The adder completely misses you.
You shoot an arrow. The arrow closely misses the adder.
You feel sick. The adder barely misses you.
The adder bites you but does no damage. The adder bites you.
You are more poisoned.
The adder poisons you!
You shoot an arrow. The arrow hits the adder!
You kill the adder!
You feel sick.
The adder barely misses you. x2; The ball python bites you.
The ball python grabs you. The ball python constricts you.
Your Fighting skill increases to level 2!
1513 ||| READING 2 scrolls of teleportation.
As you read the scroll of teleportation, it crumbles to dust.
You feel strangely unstable.
You feel sick. The adder bites you but does no damage.
The ball python closely misses you. The ball python constricts you.
You shoot an arrow.
The arrow barely misses the ball python.
You feel sick. The adder completely misses you.
The ball python completely misses you. The ball python constricts you.
The adder bites you.
1515 ||| RETREEEEATING.
You escape the ball python's grasp.
You feel sick.
1516 ||| RETREEEEATING.
Your surroundings suddenly seem different.
Splash!
You fall into the shallow water.
Moving in this stuff is going to be slow.
You die...

##~.## ###~~~.### #\\~~~~...
########## ###############
##########~~~~~~~ ......##......#
#~~~~~~~~~~~~~~..
.#####.#...~..###~~~#############
.#~~##.####~###~~~#%# # ~%~#
#.#~~~~~~~~@##.#
~~##~#.#~~~~~.......#
%..#~~~#~~~...#######
..####~~~~...## .## ##~...### ##
######


There were no monsters in sight!

Vanquished Creatures
  A crocodile (Sewer)
  A sickly merfolk siren (Sewer)
  3 river rats (Sewer)
  4 adders
  A ribbon worm (D:3)
  3 dart slugs
  An endoplasm (D:2)
  6 giant cockroaches
  A goblin (D:2)
  6 jackals (D:1)
  A quokka (D:1)
  9 ball pythons
  5 bats
  3 frilled lizards
  4 kobolds (D:2)
  24 rats
73 creatures vanquished.

Notes
Turn   | Place    | Note
-------+----------+-------------------------------------------
     0 | D:1      | qw the Deep Elf Hunter began the quest for the Orb.
     0 | D:1      | Reached XP level 1. HP: 12/12 MP: 3/3
     0 | D:1      | 0 ||| qw: Version: 0.3-a-160-g6735b56
     0 | D:1      | 0 ||| qw: Game counter: 5717
     0 | D:1      | 0 ||| qw: Melee chars always use a shield: true
     0 | D:1      | 0 ||| qw: God list: Okawaru
     0 | D:1      | 0 ||| qw: Allow faded altars: false
     0 | D:1      | 0 ||| qw: Do Orc after clearing Dungeon:15 true
     0 | D:1      | 0 ||| qw: Do second Lair branch before Depths: true
     0 | D:1      | 0 ||| qw: Lair rune preference: random
     0 | D:1      | 0 ||| qw: Goals: Normal
     0 | D:1      | 0 ||| PLANNING D:1-11
   133 | D:1      | Found a faded altar of an unknown god.
   142 | D:1      | Reached XP level 2. HP: 16/16 MP: 4/4
   145 | D:1      | Reached skill level 6 in Ranged Weapons
   448 | D:1      | 448 ||| UPGRADING to ring of protection from cold.
   449 | D:1      | 449 ||| READING 2 scrolls labelled NAINI HAILAOTU.
   450 | D:1      | 450 ||| READING scroll labelled LUB SUSTAONG.
   451 | D:1      | 451 ||| DROPPING scroll of butterflies.
   452 | D:1      | 452 ||| DROPPING scroll of revelation.
   523 | D:2      | Reached XP level 3. HP: 19/20 MP: 5/5
   786 | D:2      | Reached skill level 7 in Ranged Weapons
  1083 | D:2      | 1083 ||| UPGRADING to +0 ring mail.
  1093 | D:2      | 1093 ||| DROPPING +0 leather armour.
  1094 | D:2      | 1094 ||| READING scroll of identify.
  1094 | D:2      | 1094 ||| IDENTIFYING glowing amethyst potion
  1130 | D:3      | Found a glowing drain.
  1131 | D:3      | 1131 ||| PLANNING SEWER
  1140 | D:3      | Reached XP level 4. HP: 25/25 MP: 6/6
  1153 | Sewer    | Entered a sewer
  1267 | Sewer    | Reached skill level 8 in Ranged Weapons
  1383 | Sewer    | Noticed a crocodile
  1392 | Sewer    | Killed a crocodile
  1393 | Sewer    | Reached skill level 9 in Ranged Weapons
  1393 | Sewer    | Reached XP level 5. HP: 14/29 MP: 7/7
  1508 | Sewer    | Noticed a crocodile
  1509 | Sewer    | 1509 ||| RETREEEEATING.
  1512 | Sewer    | HP: 7/30 [poisoned by an adder]
  1513 | Sewer    | 1513 ||| READING 2 scrolls of teleportation.
  1514 | Sewer    | HP: 3/30 [poisoned by an adder]
  1515 | Sewer    | 1515 ||| RETREEEEATING.
  1515 | Sewer    | HP: 1/30 [poisoned by an adder]
  1516 | Sewer    | 1516 ||| RETREEEEATING.
  1516 | Sewer    | Succumbed to an adder's poison

Levels and vault maps discovered:
D:1:      zelgadis_glass_arrival_small, layout_rooms,
          hellmonk_ecumenical_altar_dog_temple
D:2:      layout_loops_ring
D:3:      layout_loops_ring, cheibrodos_sewer_entry_drain, minmay_between
Sewer:    sewer_sea

Skill      XL: |  1  2  3  4  5 |
---------------+----------------+-----
Ranged Weapons | 6 7 9 |  9.1
Fighting       | 2 |  2.0
Dodging        | |  2.4
Stealth        | |  1.2

Action                     |  1- 3 |  4- 6 || total
---------------------------+-------+-------++-------
   Fire: Shortbow          |   110 |   102 ||   212
    Use: Scroll            |     3 |     1 ||     4
 Armour: Leather armour    |    26 |       ||    26
         Ring mail         |     2 |    41 ||    43
  Dodge: Dodged            |    25 |    42 ||    67

Table legend:
 A = Non-vault XP
 B = Vault XP
 C = Vault XP percentage of total XP
 D = Non-vault monster count
 E = Vault monster count
 F = Vault count percentage of total count
                 A         B        C        D         E       F
            +---------+---------+-------+---------+---------+-------
      Total |      89 |     253 |  74.0 |      32 |      41 |  56.2
            +---------+---------+-------+---------+---------+-------
        D:1 |      22 |       8 |  26.7 |      14 |       4 |  22.2
        D:2 |      63 |       0 |   0.0 |      17 |       0 |   0.0
        D:3 |       4 |       8 |  66.7 |       1 |       3 |  75.0
      Sewer |       0 |     237 | 100.0 |       0 |      34 | 100.0
            +---------+---------+-------+---------+---------+-------
